 Dungeon Crawl Stone Soup version 0.19.5 (console) character file.

6531 dylex the Quickloader (level 11, -12/69 HPs)
             Began as a Kobold Hunter on May 20, 2017.
             Was an Elder of Okawaru.
             Mangled by a gargoyle
             ... wielding a +0 mace
              (22 damage)
             ... on level 11 of the Dungeon on May 21, 2017.
             The game lasted 01:35:48 (12988 turns).

dylex the Quickloader (Kobold Hunter)              Turns: 12988, Time: 01:35:48

Health: -12/69     AC:  8    Str: 15    XL:     11   Next: 20%
Magic:  12/12      EV: 21    Int: 12    God:    Okawaru [****..]
Gold:   471        SH:  0    Dex: 22    Spells: 2 memorised, 8 levels left

rFire  . . .     SeeInvis .     b - +3 hand crossbow
rCold  . . .     Gourm    .     N - +1 robe of the Gloaming {Str+2 Dex+6}
rNeg   + . .     Faith    .     (shield restricted)
rPois  .         Spirit   .     w - +0 helmet
rElec  .         Reflect  .     W - +0 cloak
rCorr  .         Harm     +     (no gloves)
MR     .....                    (no boots)
Stlth  +++++.....               p - amulet of harm
                                m - ring of positive energy
                                S - +3 ring of protection

@: no status effects
A: carnivore 3
a: Heroism, Renounce Religion


You were on level 11 of the Dungeon.
You worshipped Okawaru.
Okawaru was greatly pleased with you.
You were not hungry.

You visited 2 branches of the dungeon, and saw 12 of its levels.

You collected 471 gold pieces.

Inventory:

Hand Weapons
 a - a +1 dagger of venom
 b - a +3 hand crossbow (weapon)
 g - a +0 blowgun
 s - a +0 short sword
 A - a +0 long sword of slicing
 E - the +10 whip of Due Proportion {venom, rC+ Str+3 Dex+3, unknown}
   (You found it on level 6 of the Dungeon)

   It poisons the flesh of those it strikes.
   It affects your strength (+3).
   It affects your dexterity (+3).
   It protects you from cold.
 H - a +0 dagger of draining
 T - a cursed +0 dagger
Missiles
 c - 50 poisoned needles
 d - 20 bolts (quivered)
 r - 7 needles of confusion
Armour
 l - a +3 leather armour
 w - a +0 helmet (worn)
 z - a +2 robe of cold resistance
 K - a +4 scale mail
 N - the +1 robe of the Gloaming (worn) {Str+2 Dex+6}
   (You found it on level 7 of the Dungeon)

   It affects your strength (+2).
   It affects your dexterity (+6).
 W - a +0 cloak (worn)
Jewellery
 m - a ring of positive energy (right hand)
 p - an amulet of harm (around neck)
 S - a +3 ring of protection (left hand)
Wands
 n - a wand of flame (8/48)
 F - a wand of paralysis (14/24)
 G - a wand of slowing (7/48)
 L - a wand of flame (41/48)
 O - a wand of digging (10/24)
Scrolls
 k - 4 scrolls of identify
 t - 2 scrolls of magic mapping
 v - 3 scrolls of immolation {unknown}
 x - a scroll of amnesia {unknown}
 I - a scroll of teleportation
 P - a scroll of recharging {unknown}
 Q - a scroll of acquirement {unknown}
 R - a scroll of enchant armour {unknown}
 U - a scroll of noise {unknown}
Potions
 e - a potion of ambrosia
 h - 4 potions of haste {unknown}
 i - a potion of magic
 j - a potion of brilliance
 o - 3 potions of agility {unknown}
 q - 3 potions of cure mutation
 y - a potion of curing
 D - a potion of might {unknown}
 J - a potion of invisibility
 M - a potion of flight {unknown}
Books
 C - a book of Cantrips

   Spells                             Type                      Level
   a - Confusing Touch                Hexes                        1
   b - Animate Skeleton               Necromancy                   1
   c - Summon Small Mammal            Summoning                    1
   d - Apportation                    Translocation                1
Comestibles
 f - 7 meat rations
 u - 10 slices of pizza
 B - 3 beef jerkies


   Skills:
 + Level 8.6 Fighting
 + Level 8.6 Short Blades
 + Level 11.8 Crossbows
 + Level 7.0 Dodging
 + Level 9.5 Stealth
 + Level 0.9 Invocations
 + Level 2.3 Evocations


You had 8 spell levels left.
You knew the following spells:

 Your Spells              Type           Power        Failure   Level  Hunger
g - Apportation           Tloc           #.........   34%         1    ##.....
m - Animate Skeleton      Necr           N/A          34%         1    ##.....


Dungeon Overview and Level Annotations

Branches:
Dungeon (11/15)            Temple (1/1) D:5
   Lair: D:8-11         Orc: D:9-12

Altars:
Ashenzari
Cheibriados
Dithmenos
Elyvilon
Fedhas
Gozag
Hepliaklqana
Kikubaaqudgha
Makhleb
Nemelex Xobeh
Okawaru
Qazlal
Ru
Sif Muna
Trog
Uskayaw
Vehumet
Xom
Yredelemnul
Zin
The Shining One

Shops:
D:6 }   D:7 *   D:9 (

Annotations:
D:4 Rufus's ghost, novice NaFi
D:5 LoserDude's ghost, novice TeAE


Innate Abilities, Weirdness & Mutations

You are small and have problems with some larger weapons.
You are carnivorous and can eat meat at any time.


Message History

Okay, then.
Evoke which item? (* to show all) (? for menu, Esc to quit)
Okay, then.
You hit the gargoyle but do no damage.
The gargoyle is heavily damaged.
The gargoyle hurls a stone arrow at you.
The stone arrow misses you.
You barely miss the gargoyle.
The gargoyle is heavily damaged.
You hit the gargoyle but do no damage.
The gargoyle is heavily damaged.
The gargoyle hurls a stone arrow at you.
The stone arrow hits you!
* * * LOW HITPOINT WARNING * * *
You hit the gargoyle but do no damage.
The gargoyle is heavily damaged.
Your +1 dagger of venom stops dripping with poison.
b - a +3 hand crossbow (weapon)
The gargoyle hits you with a mace!!
You die... ▒·▒▒▒▒▒▒▒ ▒·····@9▒ ▒▒▒▒▒·▒▒▒ ▒· ▒▒

You could see a gargoyle.

Vanquished Creatures
  Pikel (D:7)
  Prince Ribbit (D:7)
  2 hippogriffs
  5 yaks
  3 hogs (D:9)
  A human (D:9)
  A hungry ghost (D:8)
  Edmund (D:6)
  Duvessa (D:4)
  3 orc warriors
  An ice beast (D:6)
  An ogre (D:4)
  2 phantoms
  5 centaurs
  A crocodile (D:6)
  A big kobold (D:10)
  5 bullfrogs
  A wyvern zombie (D:7)
  A water moccasin skeleton (D:4)
  Dowan (D:4)
  4 scorpions
  4 killer bees
  3 wights (D:8)
  2 howler monkeys (D:9)
  3 crimson imps
  A centaur zombie (D:8)
  A bullfrog zombie (D:5)
  12 orc wizards
  8 orc priests
  A bullfrog skeleton (D:5)
  3 hounds
  3 jellies (D:7)
  7 iguanas
  Natasha (thrice) (D:3)
  5 worker ants
  A killer bee zombie (D:7)
  4 gnolls
  A howler monkey skeleton (D:6)
  9 adders
  A shadow imp (D:5)
  An ooze (D:4)
  3 adder skeletons
  2 worms
  2 dart slugs (D:1)
  5 leopard geckos
  33 orcs
  2 ball pythons (D:1)
  9 giant cockroaches
  9 goblins
  13 hobgoblins
  21 jackals
  7 quokkas
  11 bats
  4 frilled lizards
  A jackal zombie (D:8)
  17 kobolds
  5 rats
259 creatures vanquished.

Vanquished Creatures (others)
  An orc wizard (D:7)
  3 gnolls (D:7)
  3 orcs (D:7)
7 creatures vanquished.

Grand Total: 266 creatures vanquished

Notes
Turn   | Place    | Note
-------+----------+-------------------------------------------
     0 | D:1      | dylex the Kobold Hunter began the quest for the Orb.
     0 | D:1      | Reached XP level 1. HP: 12/12 MP: 1/1
    23 | D:1      | Reached skill level 5 in Crossbows
   175 | D:1      | Reached XP level 2. HP: 18/18 MP: 2/2
   360 | D:1      | Reached XP level 3. HP: 1/22 MP: 3/3
   559 | D:1      | Reached skill level 1 in Short Blades
  1240 | D:2      | Reached XP level 4. HP: 22/27 MP: 4/4
  1260 | D:2      | Reached skill level 6 in Crossbows
  1718 | D:2      | Reached XP level 5. HP: 31/31 MP: 5/5
  1998 | D:2      | Found a bloodstained altar of Trog.
  2299 | D:3      | Noticed Natasha
  2306 | D:3      | Killed Natasha
  2396 | D:3      | Noticed Natasha
  3122 | D:3      | Killed Natasha
  3122 | D:3      | Reached XP level 6. HP: 28/36 MP: 6/6
  3176 | D:3      | Found a sparkling altar of Nemelex Xobeh.
  3200 | D:3      | Noticed Natasha
  3236 | D:3      | Killed Natasha
  3236 | D:3      | Reached skill level 7 in Crossbows
  3483 | D:4      | Noticed Rufus's ghost (novice NaFi)
  3607 | D:4      | Noticed Duvessa
  3608 | D:4      | Noticed Dowan
  3677 | D:4      | Reached XP level 7. HP: 39/41 MP: 7/7
  3852 | D:5      | Entered Level 5 of the Dungeon
  4253 | D:4      | HP: 2/41 [Duvessa/short sword (10)]
  4600 | D:5      | Noticed LoserDude's ghost (novice TeAE)
  4878 | D:5      | Reached XP level 8. HP: 46/46 MP: 8/8
  4892 | D:5      | Reached skill level 5 in Short Blades
  4892 | D:5      | Reached skill level 8 in Crossbows
  5246 | D:5      | Noticed a hippogriff
  5256 | D:5      | Killed a hippogriff
  5352 | D:5      | Found a staircase to the Ecumenical Temple.
  5523 | Temple   | Entered the Ecumenical Temple
  5694 | Temple   | Became a worshipper of Warmaster Okawaru
  5850 | D:5      | Reached skill level 9 in Crossbows
  5955 | D:5      | Reached skill level 5 in Stealth
  6455 | D:6      | Learned a level 1 spell: Animate Skeleton
  6457 | D:6      | Learned a level 1 spell: Apportation
  6480 | D:6      | Reached XP level 9. HP: 53/53 MP: 9/9
  6488 | D:6      | Reached skill level 5 in Fighting
  6534 | D:6      | Got a smoking whip
  6668 | D:6      | Reached * piety under Okawaru
  6668 | D:6      | Reached skill level 10 in Crossbows
  6939 | D:6      | Found Keoqoz's Gadget Emporium.
  6940 | D:6      | Noticed Edmund
  6951 | D:6      | Killed Edmund
  7152 | D:5      | Reached skill level 5 in Dodging
  7550 | D:7      | Reached ** piety under Okawaru
  7681 | D:4      | Reached skill level 11 in Crossbows
  8103 | D:7      | Found Wemus's General Store.
  8166 | D:7      | Noticed Pikel
  8168 | D:7      | You fall through a shaft for 2 floors!
  8168 | D:9      | Found Afoafa's Antique Weapon Shoppe.
  8636 | D:7      | Noticed Prince Ribbit
  8647 | D:7      | Got a bloodstained robe
  8823 | D:7      | Killed Pikel
  8823 | D:7      | Reached XP level 10. HP: 53/61 MP: 10/10
  9053 | D:7      | Killed Prince Ribbit
  9082 | D:7      | Reached *** piety under Okawaru
  9661 | D:8      | HP: 1/63 [orc priest/divine providence (12)]
 11087 | D:9      | Identified the +1 robe of the Gloaming {Str+2 Dex+6} (You found it on level 7 of the Dungeon)
 11147 | D:10     | Entered Level 10 of the Dungeon
 11456 | D:9      | Reached **** piety under Okawaru
 11456 | D:9      | Reached skill level 1 in Evocations
 11726 | D:8      | Reached XP level 11. HP: 31/68 MP: 12/12
 12647 | D:4      | Killed Duvessa
 12652 | D:4      | Killed Dowan
 12988 | D:11     | Mangled by a gargoyle

Skill      XL: |  1  2  3  4  5  6  7  8  9 10 11 |
---------------+----------------------------------+-----
Crossbows      | 5 6 7 9 11 | 11.8
Short Blades   | 1 2 3 4 5 6 8 |  8.6
Stealth        | 2 4 5 7 9 |  9.5
Dodging        | 3 4 5 6 7 |  7.0
Fighting       | 3 4 6 8 |  8.6
Evocations     | 1 2 |  2.3
Invocations    | |  0.9

Action                   |  1- 3 |  4- 6 |  7- 9 | 10-12 || total
-------------------------+-------+-------+-------+-------++-------
Melee: Short sword       |    60 |   133 |    32 |    18 ||   243
       Dagger            |       |       |   125 |   220 ||   345
 Fire: Hand crossbow     |    45 |    77 |   187 |   123 ||   432
       Blowgun           |       |       |       |    19 ||    19
Invok: Heroism           |       |       |     2 |     1 ||     3
Evoke: Wand              |       |       |       |    10 ||    10
  Use: Scroll            |       |     7 |     5 |     5 ||    17
 Stab: Sleeping          |     2 |     9 |    11 |     7 ||    29
       Distracted        |       |       |       |     1 ||     1
  Eat: Chunk             |     9 |     8 |    15 |    13 ||    45
Armor: Leather armour    |    29 |    33 |    29 |    14 ||   105
       Robe              |       |       |       |    11 ||    11
Dodge: Dodged            |    71 |   111 |   136 |   152 ||   470
